 Dungeon Crawl Stone Soup version 0.17.2-1-ge4368a0 (webtiles) character file.

3420 magog001 the Blocker (level 10, -1/76 HPs)
             Began as a Formicid Fighter on Oct 13, 2016.
             Killed from afar by an orc priest (36 damage)
             ... with an exploding inner flame
             ... hexed by the player character
             ... on level 8 of the Dungeon.
             The game lasted 01:08:56 (7171 turns).

magog001 the Blocker (Formicid Fighter)             Turns: 7171, Time: 01:08:57

Health: -1/76      AC: 12    Str: 22 (23) XL:     10   Next: 25%
Magic:  10/10      EV: 13    Int:  9      God:
Gold:   377        SH: 11    Dex: 10      Spells: 0 memorised, 9 levels left

rFire  . . .     SeeInvis +     D - +1 flail (protect)
rCold  . . .     Clarity  .     v - +0 ring mail
rNeg   . . .     SustAt   .     c - +0 shield
rPois  .         Gourm    .     (helmet unavailable)
rElec  .         Spirit   .     r - +0 cloak
rCorr  .         Warding  .     (no gloves)
rMut   .         Stasis   +     (no boots)
MR     ++...                    E - amulet of regeneration
Stlth  +.........               p - ring of see invisible (curse)
                                h - ring of protection from magic

@: very resistant to hostile enchantments, very unstealthy
A: permanent stasis, dig shafts and tunnels, four strong arms, antennae 3
a: Dig, Shaft Self


You were on level 8 of the Dungeon.
You were not hungry.

You visited 1 branch of the dungeon, and saw 8 of its levels.
You also visited: Sewer.

You collected 377 gold pieces.

Inventory:

Hand Weapons
 b - a +0 blowgun
 t - a +0 shortbow
 D - a +1 flail of protection (weapon)
Missiles
 g - 5 curare-tipped needles
 i - 25 poisoned needles
 u - 6 tomahawks
 y - 7 javelins (quivered)
 I - 96 arrows
Armour
 c - a +0 shield (worn)
 r - a +0 cloak (worn)
 v - a +0 ring mail (worn)
Jewellery
 h - a ring of protection from magic (left hand)
 p - a cursed ring of see invisible (right hand)
 E - an amulet of regeneration (around neck)
 F - an uncursed ring of flight
 L - a +4 ring of dexterity {unknown}
Wands
 o - a wand of polymorph (14)
 q - a wand of magic darts (23)
 K - a wand of heal wounds (5)
Scrolls
 H - a scroll of noise {unknown}
Potions
 a - a potion of ambrosia {unknown}
 d - 3 potions of might
 f - a potion of heal wounds
 l - a potion of cure mutation {unknown}
 m - 3 potions of curing
 s - a potion of invisibility
 w - a potion of resistance {unknown}
 x - a potion of poison {unknown}
 z - a potion of agility
 B - a potion of brilliance
 C - a potion of berserk rage
 J - a potion of magic {unknown}
Books
 A - a book of Enchantments

   Spells                             Type                      Level
   a - Cause Fear                     Hexes                        4
   b - Silence                        Hexes/Air                    5
   c - Deflect Missiles               Charms/Air                   6
   d - Haste                          Charms                       6
   e - Discord                        Hexes                        8
Comestibles
 e - 2 bread rations
 k - 2 beef jerkies
 n - 4 chunks of flesh
 G - 4 meat rations


   Skills:
 + Level 6.2 Fighting
   Level 2.9(4.0) Axes
 + Level 4.1(4.5) Maces & Flails
 * Level 5.2 Throwing
 + Level 5.8 Armour
 + Level 5.9 Dodging
 + Level 1.6 Stealth
 + Level 8.4 Shields


You had 9 spell levels left.
You didn't know any spells.

Dungeon Overview and Level Annotations

Branches:
Dungeon (8/15)             Temple (0/1) D:7
   Lair: D:8-11

Altars:
Elyvilon
Sif Muna
Vehumet
Xom
Yredelemnul

Annotations:
D:4 1 runed door


Innate Abilities, Weirdness & Mutations

You are under a permanent stasis effect.
You can dig through walls and to a lower floor.
Your four strong arms can wield two-handed weapons with a shield.
You have a pair of large antennae on your head (SInv).


Message History

Something smites you! You block the orc's attack.
You sock the orc!
The orc is almost dead.
The orc priest hits you but does no damage.
You block the orc's attack. The orc closely misses you.
You barely miss the orc.
The orc is almost dead.
You block the orc priest's attack. The orc closely misses you.
The orc completely misses you.
You sock the orc!
The orc explodes!
The fiery explosion engulfs the orc.
The orc explodes!
The fiery explosion engulfs you!
The fiery explosion engulfs the orc priest.
The orc priest explodes!
The fiery explosion engulfs the orc.
The orc explodes!
The fiery explosion engulfs you!
You die...

#.## ....
...# ...#
####...###
#§§§§...(.
#§§§§.%...
#§@o(%....
###....###
.#### .♣
.# .. ♣#


You could see an orc (inner flame).

Vanquished Creatures
  Joseph (D:7)
  Grinder (D:5)
  Prince Ribbit (D:6)
  Eustachio (D:5)
  Edmund (D:4)
  A wolf (D:4)
  An ice beast (D:6)
  A phantom (D:6)
  2 sky beasts
  An orc warrior (D:7)
  A centaur (D:6)
  A necrophage (D:7)
  3 ogres
  2 giant frogs (Sewer)
  A big kobold (D:7)
  3 orc priests
  A crimson imp (D:6)
  A jelly (D:5)
  11 orc wizards
  Ijyb (D:2)
  2 centaur skeletons
  Jessica (D:2)
  3 hounds
  3 iguanas (D:6)
  A human skeleton (D:4)
  2 worker ants
  A worker ant zombie (D:6)
  A hound skeleton (D:5)
  8 gnolls
  15 adders
  2 shadow imps
  17 oozes
  An adder skeleton (D:4)
  2 worms
  10 giant geckos
  28 orcs
  3 bats
  2 goblins
  6 hobgoblins
  11 jackals
  19 kobolds
  4 quokkas
  16 ball pythons
  22 giant cockroaches
  12 giant newts
  A jackal zombie (D:4)
  4 rats (D:1)
233 creatures vanquished.

Vanquished Creatures (others)
  A hobgoblin (D:2)
1 creature vanquished.

Grand Total: 234 creatures vanquished

Notes
Turn   | Place    | Note
--------------------------------------------------------------
     0 | D:1      | magog001 the Formicid Fighter began the quest for the Orb.
     0 | D:1      | Reached XP level 1. HP: 18/18 MP: 1/1
    78 | D:1      | Reached XP level 2. HP: 21/24 MP: 2/2
   343 | D:1      | Reached XP level 3. HP: 26/30 MP: 3/3
   410 | D:1      | Reached skill level 4 in Shields
   904 | D:2      | Reached XP level 4. HP: 33/37 MP: 4/4
   939 | D:2      | Noticed Jessica
   948 | D:2      | Killed Jessica
   948 | D:2      | Reached skill level 1 in Dodging
   968 | D:2      | Found a white marble altar of Elyvilon.
  1069 | D:2      | Reached XP level 5. HP: 31/42 MP: 5/5
  1386 | D:2      | Noticed Ijyb
  1399 | D:2      | Killed Ijyb
  1836 | D:3      | Found a shimmering altar of Xom.
  2027 | D:3      | Reached XP level 6. HP: 49/49 MP: 6/6
  2263 | D:3      | Found a radiant altar of Vehumet.
  2448 | D:3      | Reached skill level 5 in Shields
  2665 | D:3      | Noticed a sky beast
  2685 | D:3      | Killed a sky beast
  2685 | D:3      | Reached skill level 1 in Throwing
  3002 | D:4      | Reached XP level 7. HP: 49/55 MP: 7/7
  3054 | D:4      | Noticed a human
  3055 | D:4      | Found a runed door.
  3060 | D:4      | Found a basalt altar of Yredelemnul.
  3100 | D:4      | Found a deep blue altar of Sif Muna.
  3100 | D:4      | Noticed Edmund
  3134 | D:4      | Killed Edmund
  3134 | D:4      | Reached skill level 1 in Maces & Flails
  3365 | D:4      | Noticed a wolf
  3365 | D:4      | an orc wizard changed into a wolf
  3386 | D:4      | Killed a wolf
  3386 | D:4      | Reached XP level 8. HP: 32/61 MP: 8/8
  4056 | D:5      | Entered Level 5 of the Dungeon
  4062 | D:5      | Reached skill level 1 in Stealth
  4066 | D:5      | Noticed Eustachio
  4125 | D:5      | Killed Eustachio
  4125 | D:5      | Reached skill level 6 in Shields
  4161 | D:5      | Reached skill level 5 in Armour
  4265 | D:5      | Found a glowing drain.
  4291 | Sewer    | Entered a sewer
  4871 | D:5      | Noticed Grinder
  4881 | D:5      | Killed Grinder
  4881 | D:5      | Reached skill level 5 in Fighting
  4881 | D:5      | Reached XP level 9. HP: 64/68 MP: 9/9
  5008 | D:5      | Reached skill level 7 in Shields
  5144 | D:5      | Reached skill level 5 in Dodging
  5605 | D:6      | Noticed Prince Ribbit
  6100 | D:6      | Killed Prince Ribbit
  6288 | D:7      | Noticed Joseph
  6351 | D:7      | Killed Joseph
  6351 | D:7      | Reached skill level 8 in Shields
  6351 | D:7      | Reached XP level 10. HP: 38/76 MP: 10/10
  6450 | D:7      | Reached skill level 5 in Throwing
  7053 | D:7      | Found a staircase to the Ecumenical Temple.
  7171 | D:8      | Killed from afar by an orc priest

Action                   |  1- 3 |  4- 6 |  7- 9 | 10-12 || total
-------------------------+-------+-------+-------+-------++-------
Melee: War axe           |    89 |    59 |       |       ||   148
       Whip              |       |    63 |    47 |       ||   110
       Flail             |       |       |   623 |   111 ||   734
 Fire: Blowgun           |       |    53 |     4 |       ||    57
       Shortbow          |       |       |       |     8 ||     8
Throw: Javelin           |       |       |     3 |       ||     3
 Abil: Dig               |     7 |     5 |    15 |     5 ||    32
Evoke: Wand              |       |       |     1 |     1 ||     2
  Use: Scroll            |       |     6 |     9 |     5 ||    20
       Potion            |       |       |     6 |       ||     6
 Stab: Invisible         |       |       |     1 |       ||     1
  Eat: Chunk             |     4 |     3 |    10 |     1 ||    18
       Meat ration       |       |     1 |       |       ||     1
       Bread ration      |       |       |     2 |     1 ||     3
       Beef jerky        |       |       |     1 |       ||     1
